 Dungeon Crawl Stone Soup version 0.26.1-2-gb8aa6d0cf2 (webtiles) character file.

Game seed: 17387105524334636250

294 Gadfly the Cutter (level 6, -4/42 HPs)
             Began as a Halfling Fighter on Feb 14, 2021.
             Killed by divine providence
             ... invoked by an orc priest
              (12 damage)
             ... on level 5 of the Dungeon.
             The game lasted 00:04:58 (3339 turns).

Gadfly the Cutter (Halfling Fighter)                Turns: 3339, Time: 00:04:59

Health: -4/42      AC: 13    Str: 19    XL:     6   Next: 60%
Magic:  7/7        EV:  7    Int:  6    God:
Gold:   144        SH: 10    Dex: 14    Spells: 5/5 levels left

rFire    . . .     SeeInvis +   a - +0 rapier
rCold    . . .     Faith    .   c - +0 kite shield
rNeg     . . .     Spirit   .   t - +0 chain mail
rPois    +         Reflect  .   r - +1 helmet {SInv}
rElec    .         Harm     .   (no cloak)
rCorr    .         Rampage  .   n - +0 pair of gloves
Will     .....                  f - +0 pair of boots
Stlth    ..........             (no amulet)
HPRegen  0.14/turn              k - ring of poison resistance
MPRegen  0.10/turn              (no ring)

@: no status effects
A: small, mutation resistance 1
a: no special abilities


You were on level 5 of the Dungeon.
You visited 1 branch of the dungeon, and saw 7 of its levels.

You collected 144 gold pieces.

Inventory:

Hand Weapons
 a - a +0 rapier (weapon)
 b - a +2 antimagic dagger
Missiles
 e - 79 stones (quivered)
 q - 25 sling bullets
Armour
 c - a +0 kite shield (worn)
 f - a +0 pair of boots (worn)
 n - a +0 pair of gloves (worn)
 r - a +1 helmet of see invisible (worn)
 t - a +0 chain mail (worn)
Jewellery
 k - a ring of poison resistance (left hand)
Wands
 g - a wand of disintegration (31)
 j - a wand of flame (12)
Scrolls
 d - a scroll of teleportation
 i - 3 scrolls of remove curse
Potions
 h - a potion of curing {unknown}
 l - 2 potions of haste {unknown}
 m - a potion of resistance
 o - a potion of mutation


   Skills:
 + Level 3.2 Fighting
 * Level 4.0 Short Blades
 + Level 2.5 Slings
 + Level 3.9 Armour
 + Level 3.9 Shields
 * Level 2.6 Invocations
 * Level 2.3 Evocations


You had 5 spell levels left.
You didn't know any spells.
Your spell library was empty.

Dungeon Overview and Level Annotations

Branches:
Dungeon (7/15)
 Temple: D:4-7

Altars:
Qazlal
Ru
Wu Jian


Innate Abilities, Weirdness & Mutations

You are small and have problems with some larger weapons.
You are somewhat resistant to further mutation.


Message History

You hit the orc priest.
The orc priest is lightly wounded.
You block the orc's attack.
The orc priest hits you but does no damage.
You puncture the orc priest!
The orc priest is severely wounded.
The orc priest hits you but does no damage.
You block the orc's attack.
You hit the orc priest.
The orc priest is almost dead.
The orc priest invokes the aid of Beogh against you.
Pain shoots through your body!
* * * LOW HITPOINT WARNING * * *
The orc barely misses you.
You closely miss the orc priest.
The orc priest is almost dead.
You block the orc's attack.
The orc priest mumbles some strange prayers to Beogh against you.
Beogh smites you!
You die...

### #.....
#)##.# #.##.#
####.##.#
.......>#
.###.##.#
#.....)#
+.o@...#
#.o_...#
..............
....#........#.#
... ##...#...#
## #.#.##..#
#.#.# ..# #.#.#
#.#


You could see an orc priest and an orc.

Vanquished Creatures
  A bullfrog (D:6)
  An orc priest (D:3)
  2 orc wizards (D:3)
  Ijyb (D:3)
  2 adders (D:3)
  An ufetubus (D:4)
  An ooze (D:3)
  2 worms
  A dart slug (D:2)
  5 leopard geckos
  9 orcs
  A ball python (D:3)
  3 giant cockroaches
  2 goblins (D:3)
  2 hobgoblins
  7 jackals
  8 kobolds
  A quokka (D:2)
  5 bats
  5 frilled lizards
  A leopard gecko skeleton (D:4)
  4 rats
65 creatures vanquished.

Vanquished Creatures (others)
  An orc wizard (D:3)
1 creature vanquished.

Grand Total: 66 creatures vanquished

Notes
Turn   | Place    | Note
-------+----------+-------------------------------------------
     0 | D:1      | Gadfly the Halfling Fighter began the quest for the Orb.
     0 | D:1      | Reached XP level 1. HP: 15/15 MP: 1/1
    66 | D:1      | Reached XP level 2. HP: 7/20 MP: 2/2
  1336 | D:2      | Reached skill level 1 in Slings
  1350 | D:2      | Reached XP level 3. HP: 25/25 MP: 3/3
  1360 | D:2      | Reached skill level 1 in Invocations
  1512 | D:2      | Reached skill level 3 in Short Blades
  1512 | D:2      | Reached skill level 1 in Evocations
  1805 | D:3      | Reached XP level 4. HP: 14/30 MP: 3/5
  2114 | D:3      | Found a sacrificial altar of Ru.
  2118 | D:3      | Reached XP level 5. HP: 36/36 MP: 6/6
  2222 | D:3      | Noticed Ijyb
  2238 | D:3      | Killed Ijyb
  2380 | D:3      | Found a stormy altar of Qazlal.
  2383 | D:3      | Noticed an air elemental
  2384 | D:3      | Noticed a fire elemental
  2385 | D:3      | Noticed a water elemental
  2678 | D:3      | Reached XP level 6. HP: 39/42 MP: 2/7
  3127 | D:4      | You fall into a shaft and drop 3 floors!
  3269 | D:6      | Reached skill level 4 in Short Blades
  3322 | D:5      | Entered Level 5 of the Dungeon
  3322 | D:5      | Found an ornate altar of the Wu Jian Council.
  3339 | D:5      | Killed from afar by an orc priest

Illustrated notes

Levels and vault maps discovered:
D:1:      dpeg_arrival_tiny_e, layout_basic
D:2:      layout_basic, corexii_leaking_fountain
D:3:      layout_basic, nicolae_qazlal_style_of_elements,
          nicolae_ru_great_annihilating_truth, uniq_ijyb
D:4:      layout_loops_corners, minmay_liquid_box
D:5:      minmay_polygon_palace, layout_basic, basic_altar,
          nicolae_gozag_seed_capital
D:6:      layout_layer_cave, temple_green, serial_shops, shop_fountains,
          skrybe_limestone_x
D:7:      layout_rooms, enter_bailey_8

Skill      XL: |  1  2  3  4  5  6 |
---------------+-------------------+-----
Slings         | 1 2 |  2.5
Invocations    | 1 2 |  2.6
Short Blades   | 3 4 |  4.0
Evocations     | 1 2 |  2.3
Fighting       | 3 |  3.2
Armour         | |  3.9
Shields        | |  3.9

Action                   |  1- 3 |  4- 6 || total
-------------------------+-------+-------++-------
Melee: Rapier            |    97 |   141 ||   238
       Dagger            |       |     9 ||     9
  Use: Scroll            |     7 |     2 ||     9
       Potion            |     1 |     3 ||     4
 Stab: Paralysed         |       |     1 ||     1
       Invisible         |       |     1 ||     1
Armor: Scale mail        |    34 |    18 ||    52
       Chain mail        |       |    46 ||    46
Dodge: Dodged            |    33 |    54 ||    87
Block: Kite shield       |    65 |    83 ||   148
